 Dungeon Crawl Stone Soup version 0.22-a0-374-g5dfd9e3 (webtiles) character file.

1908 JeffiDaFish the Frost Mage (level 8, -1/57 HPs)
             Began as a Black Draconian Ice Elementalist on Apr 26, 2018.
             Succumbed to a soldier ant's poison
             ... on level 6 of the Dungeon.
             The game lasted 00:12:46 (5519 turns).

JeffiDaFish the Frost Mage (DrIE)                   Turns: 5519, Time: 00:12:46

Health: -1/57      AC: 12    Str: 17    XL:     8   Next: 94%
Magic:  16/26      EV: 12    Int: 18    God:
Gold:   218        SH:  0    Dex: 12    Spells: 7/19 levels left

rFire    . . .     SeeInvis .   i - +8 rapier "Revatipteo" {freeze, Str+2}
rCold    . . .     Gourm    .   (no shield)
rNeg     . . .     Faith    .   (armour unavailable)
rPois    .         Spirit   .   (helmet restricted)
rElec    +         Reflect  .   n - +2 cloak
rCorr    .         Harm     +   a - +2 pair of gloves
MR       .....                  (no boots)
Stlth    ++........             e - amulet of harm
HPRegen  0.19/turn              g - ring of magical power
MPRegen  0.20/turn              (no ring)

@: mighty, lethally poisoned (-1 -> -34)
A: breathe lightning, unfitting armour, electricity resistance, cold-blooded, AC
+6
a: Breathe Lightning


You were on level 6 of the Dungeon.
You were very hungry.

You visited 1 branch of the dungeon, and saw 6 of its levels.

You collected 218 gold pieces.

Inventory:

Hand Weapons
 d - a +4 dagger
 i - the +8 rapier "Revatipteo" (weapon) {freeze, Str+2}
   (You found it on level 6 of the Dungeon)

   It has been specially enchanted to freeze those struck by it, causing extra
   injury to most foes and up to half again as much damage against particularly
   susceptible opponents.
   It can also slow down cold-blooded creatures.
   It affects your strength (+2).
Armour
 a - a +2 pair of gloves (worn)
 n - a +2 cloak (worn)
Jewellery
 e - an amulet of harm (around neck)
 g - a ring of magical power (left hand)
Wands
 h - a wand of flame (21)
 k - a wand of scattershot (4)
Scrolls
 c - 2 scrolls of identify
 f - 4 scrolls of remove curse
 m - a scroll of teleportation
Potions
 j - a potion of flight
Comestibles
 b - 5 rations


   Skills:
 - Level 2.0 Dodging
 - Level 1.7 Stealth
 + Level 6.0 Spellcasting
 + Level 4.1 Conjurations
 * Level 9.3 Ice Magic


You had 7 spell levels left.
You knew the following spells:

 Your Spells              Type           Power        Failure   Level  Hunger
a - Freeze                Ice            ####         1%          1    None
b - Ozocubu's Armour      Chrm/Ice       ###.....     5%          3    ##.....
c - Throw Icicle          Conj/Ice       ####....     8%          4    ####...
d - Summon Ice Beast      Ice/Summ       ###.....     17%         4    ####...


Dungeon Overview and Level Annotations

Branches:
Dungeon (6/15)
 Temple: D:4-7

Altars:
Trog
The Shining One

Annotations:
D:6 1 runed door


Innate Abilities, Weirdness & Mutations

You can breathe wild blasts of lightning.
Your glossy black scales are hard. (AC +6)
You cannot fit into any form of body armour.
You are resistant to electric shocks. (rElec)
You are cold-blooded and may be slowed by cold attacks.


Message History

* * * LOW HITPOINT WARNING * * *
You feel very sick. The worker ant completely misses you.
The giant cockroach completely misses you.
The worker ant bites you but does no damage.
You feel very mighty all of a sudden.
* * * LOW HITPOINT WARNING * * *
You feel very sick. The giant cockroach barely misses you.
The giant cockroach closely misses you. The worker ant closely misses you.
The giant cockroach closely misses you.
* * * LOW HITPOINT WARNING * * *
You feel very sick.
Casting: Ozocubu's Armour (safe; 5% risk of failure)
Confirm with . or Enter, or press ? or * to list all spells.
Aiming: Freeze (safe; 1% risk of failure)
Press: ? - help, Shift-Dir - straight line, f - giant cockroach
Aim: a giant cockroach You freeze the giant cockroach.
The giant cockroach is severely wounded.
You die...

##......#........##'####+
#.......#........#.......
#.......#........#.......
#.......#........#.......
############'########....###'####
....#...............#######......
....#...............#....)#......
....#....#######....#....)'......
....#....#....a#@...#....)#......
....#....+..b.s†s...#######......
#'###....#.b..s#....#......######
...##....#######....#......#
...##...............#......#
...##...............#......#
...#########'########......######
###########..#+##########........
#..................#..........


You could see 3 giant cockroaches.

Vanquished Creatures
  Pikel (D:5)
  Sigmund (D:3)
  A soldier ant (D:6)
  2 ice beasts (D:5)
  A slave (D:5)
  2 eyes of draining (D:3)
  A sky beast (D:5)
  An ogre (D:5)
  A bullfrog (D:5)
  3 scorpions
  A water moccasin skeleton (D:6)
  A killer bee (D:6)
  2 centaur skeletons (D:6)
  2 hounds (D:5)
  An iguana (D:5)
  3 orc wizards
  A worker ant (D:5)
  A gnoll (D:1)
  An adder (D:3)
  A shadow imp (D:6)
  A white imp (D:6)
  An adder zombie (D:6)
  A worm (D:2)
  3 dart slugs (D:1)
  A leopard gecko (D:4)
  7 orcs
  7 bats
  3 giant cockroaches
  6 goblins
  6 hobgoblins
  10 jackals
  2 kobolds (D:3)
  2 quokkas
  3 frilled lizards
  A goblin skeleton (D:6)
  4 hobgoblin zombies (D:6)
  A jackal skeleton (D:5)
  A jackal zombie (D:5)
  A kobold skeleton (D:6)
  A kobold zombie (D:6)
  An orc zombie (D:6)
  2 quokka zombies (D:6)
  5 rats
98 creatures vanquished.

Vanquished Creatures (collateral kills)
  A killer bee (D:6)
  A worker ant (D:6)
  A giant cockroach (D:6)
  A butterfly (D:6)
4 creatures vanquished.

Vanquished Creatures (others)
  A worker ant zombie (D:5)
  A dart slug (D:5)
  A giant cockroach (D:5)
  A leopard gecko skeleton (D:5)
4 creatures vanquished.

Grand Total: 106 creatures vanquished

Notes
Turn   | Place    | Note
-------+----------+-------------------------------------------
     0 | D:1      | JeffiDaFish the Draconian Ice Elementalist began the quest for the Orb.
     0 | D:1      | Reached XP level 1. HP: 14/14 MP: 3/3
   619 | D:1      | Reached XP level 2. HP: 18/20 MP: 0/5
  1450 | D:1      | Reached XP level 3. HP: 26/26 MP: 4/6
  1455 | D:1      | Learned a level 3 spell: Ozocubu's Armour
  1784 | D:2      | Reached skill level 4 in Ice Magic
  2073 | D:2      | You fall through a shaft!
  2335 | D:3      | Noticed Sigmund
  2336 | D:3      | Found a bloodstained altar of Trog.
  2336 | D:3      | Noticed an eye of draining
  2336 | D:3      | Noticed an eye of draining
  2349 | D:3      | Reached XP level 4. HP: 32/33 MP: 7/8
  2355 | D:3      | Killed Sigmund
  2355 | D:3      | Reached skill level 5 in Ice Magic
  2355 | D:3      | Reached XP level 5. HP: 25/38 MP: 3/10
  2381 | D:3      | Killed an eye of draining
  2381 | D:3      | Reached XP level 6. HP: 33/45 MP: 0/11
  2391 | D:3      | Reached skill level 6 in Ice Magic
  3077 | D:4      | You fall through a shaft for 2 floors!
  3077 | D:6      | Found a runed door.
  3094 | D:6      | Learned a level 4 spell: Throw Icicle
  3100 | D:6      | Found a runed door.
  3179 | D:6      | Found a glowing golden altar of the Shining One.
  3376 | D:6      | Your scales start taking on a glossy black colour.
  3376 | D:6      | Reached XP level 7. HP: 38/50 MP: 13/13
  3376 | D:6      | Gained mutation: You are resistant to electric shocks. (rElec) [Black Draconian growth]
  3451 | D:5      | Entered Level 5 of the Dungeon
  3453 | D:5      | Reached skill level 7 in Ice Magic
  3891 | D:6      | Got a dazzling rapier
  3892 | D:6      | Identified the +8 rapier "Revatipteo" {freeze, Str+2} (You found it on level 6 of the Dungeon)
  3906 | D:5      | Noticed Pikel
  3917 | D:5      | Killed Pikel
  3917 | D:5      | Reached skill level 5 in Spellcasting
  3917 | D:5      | Reached skill level 8 in Ice Magic
  3917 | D:5      | Reached XP level 8. HP: 57/57 MP: 15/15
  5068 | D:5      | Reached skill level 9 in Ice Magic
  5075 | D:5      | Learned a level 4 spell: Summon Ice Beast
  5518 | D:6      | HP: 1/57 [poisoned by a soldier ant]
  5519 | D:6      | Succumbed to a soldier ant's poison

Vault maps used:
D:1:      shiori_arrival_maze
D:2:      zin_statuary, chequers_ecumenical_altar_lobes
D:3:      trog_eyes_of_draining, gammafunk_temple_overflow_elements,
          uniq_terence, uniq_sigmund
D:4:      vehumet_statue, dancing_weapons_uskayaw, lemuel_crystal_altar,
          minmay_temple_entry_nine_rooms, cheibrodos_sewer_entry_bend,
          serial_forest, infiniplex_forest_corner_1,
          infiniplex_forest_lined_room_2, infiniplex_forest_lined_4_way,
          infiniplex_forest_fountain, infiniplex_forest_straight_3,
          infiniplex_forest_lined_2, infiniplex_forest_zigzag_1,
          nicolae_gozag_cash_rules_everything_around_me
D:5:      first_ration, kennysheep_generic_room_13, uniq_pikel
D:6:      lemuel_insect_pit, nicolae_tso_besieged_by_evil

Skill      XL: |  1  2  3  4  5  6  7  8 |
---------------+-------------------------+-----
Dodging        | 2 |  2.0
Ice Magic      | 4 5 6 8 9 |  9.3
Spellcasting   | 3 4 5 6 |  6.0
Conjurations   | 2 4 |  4.1
Stealth        | |  1.7

Action                   |  1- 3 |  4- 6 |  7- 9 || total
-------------------------+-------+-------+-------++-------
Melee: Unarmed           |    37 |       |       ||    37
       Tailslap          |     4 |    12 |     8 ||    24
       Dagger            |    53 |   100 |     8 ||   161
       Rapier            |       |       |    47 ||    47
 Cast: Freeze            |    48 |    17 |    45 ||   110
       Ozocubu's Armour  |     3 |     1 |     9 ||    13
       Throw Icicle      |       |       |     6 ||     6
       Summon Ice Beast  |       |       |     2 ||     2
  Use: Scroll            |     4 |     1 |     6 ||    11
       Potion            |     3 |     2 |     3 ||     8
  Eat: Chunk             |     5 |     4 |     7 ||    16
Armor: Skin              |    59 |    26 |    54 ||   139
Dodge: Dodged            |    94 |    34 |    81 ||   209

Table legend:
 A = Spawn XP
 B = Non-spawn XP
 C = Spawn XP percentage of total XP
 D = Spawn monster count
 E = Non-spawn monster count
 F = Spawn count percentage of total count
 G = Total turns spent on level
                    A         B        C        D         E        F      G
               +---------+---------+-------+---------+---------+-------+---------
         Total |       0 |    2727 |   0.0 |       0 |     100 |   0.0 |  5519
               +---------+---------+-------+---------+---------+-------+---------
           D:1 |       0 |      61 |   0.0 |       0 |      25 |   0.0 |  1707
           D:2 |       0 |      17 |   0.0 |       0 |       7 |   0.0 |   366
           D:3 |       0 |     517 |   0.0 |       0 |      17 |   0.0 |   952
           D:4 |       0 |       9 |   0.0 |       0 |       4 |   0.0 |    52
           D:5 |       0 |    1465 |   0.0 |       0 |      15 |   0.0 |  1346
           D:6 |       0 |     658 |   0.0 |       0 |      32 |   0.0 |  1096
               +---------+---------+-------+---------+---------+-------+---------
